 Dungeon Crawl Stone Soup version 0.27.0-66-gdc8fb28755 (webtiles) character file.

Game seed: 15805950122542632801

508 shadowrider38 the Changer (level 6, -3/28 HPs)
             Began as a Spriggan Earth Elementalist on Aug 20, 2021.
             Was an Initiate of Sif Muna.
             Slain by a wyvern zombie (13 damage)
             ... on level 5 of the Dungeon.
             The game lasted 00:23:14 (6865 turns).

shadowrider38 the Changer (SpEE)                    Turns: 6865, Time: 00:23:16

Health: -3/28      AC:  2    Str:  4    XL:     6   Next: 98%
Magic:  10/11      EV: 17    Int: 19    God:    Sif Muna [......]
Gold:   317        SH:  0    Dex: 15    Spells: 1/10 levels left

rFire    . . .     SeeInvis +   a - +0 quarterstaff
rCold    . . .     Faith    .   (shield currently unavailable)
rNeg     . . .     Spirit   .   b - +0 robe
rPois    .         Reflect  .   (helmet restricted)
rElec    .         Harm     .   (no cloak)
rCorr    .         Rampage  .   (gloves unavailable)
Will     +....                  (boots unavailable)
Stlth    ++........             i - amulet of the acrobat
HPRegen  0.09/turn              (no ring)
MPRegen  0.12/turn              (no ring)

@: very quick
A: very small, no large weapons, unfitting armour, see invisible, speed 3
a: Renounce Religion


You were on level 5 of the Dungeon.
You worshipped Sif Muna.
Sif Muna was noncommittal.
You visited 1 branch of the dungeon, and saw 5 of its levels.

You collected 317 gold pieces.

Inventory:

Hand Weapons
 a - a +0 quarterstaff (weapon)
Missiles
 c - 22 stones
Armour
 b - a +0 robe (worn)
Jewellery
 i - an amulet of the acrobat (around neck)
Scrolls
 g - a scroll of magic mapping
 j - a scroll of vulnerability {unknown}
 q - 2 scrolls of brand weapon {unknown}
 r - 2 scrolls of enchant weapon
 s - a scroll of summoning {unknown}
 t - a scroll of amnesia {unknown}
Potions
 d - 2 potions of haste
 e - 2 potions of curing {unknown}
 f - 2 potions of degeneration {unknown}
 h - a potion of attraction
 k - a potion of mutation {unknown}
 l - 2 potions of heal wounds {unknown}
 m - a potion of invisibility {unknown}
 n - a potion of lignification {unknown}
 o - 2 potions of brilliance {unknown}
 p - a potion of ambrosia {unknown}


   Skills:
 - Level 2.6 Dodging
 - Level 3.0 Stealth
 - Level 2.6 Spellcasting
 + Level 7.9 Transmutations
 - Level 4.7 Earth Magic


You had one spell level left.
You knew the following spells:

 Your Spells              Type           Power      Damage    Failure   Level
a - Sandblast             Erth           40%        2d10      2%          1
b - Blade Hands           Tmut           16%        N/A       17%         5
c - Stone Arrow           Conj/Erth      22%        3d8       19%         3

Your spell library contained the following spells:

 Spells                   Type           Power      Damage    Failure   Level
 Passwall                 Tmut/Erth      21%        N/A       1%          2
 Petrify                  Tmut/Erth      26%        N/A       12%         4
 Blink                    Tloc           N/A        N/A       24%         2
 Gell's Gravitas          Tloc           1%         N/A       43%         3
 Lesser Beckoning         Tloc           1%         N/A       43%         3
 Portal Projectile        Hex/Tloc       4%         N/A       43%         3
 Teleport Other           Tloc           2%         N/A       43%         3
 Excruciating Wounds      Necr           1%         N/A       99%         5
 Manifold Assault         Tloc           2%         N/A       99%         5
 Conjure Ball Lightning   Conj/Air       1%         3x3d6     100%        6
 Discord                  Hex            1%         N/A       100%        8
 Disjunction              Tloc           1%         N/A       100%        8


Dungeon Overview and Level Annotations

Branches:
Dungeon (5/15)
 Temple: D:4-7

Altars:
Makhleb
Sif Muna
Zin

Annotations:
D:4 Duvessa


Innate Abilities, Weirdness & Mutations

You are very small and have problems with some larger weapons.
You are too small for most types of armour.
You have supernaturally acute eyesight. (SInv)
You cover ground extremely quickly. (Speed+++)


Message History

You start resting.
Magic restored.
Casting: Sandblast (safe; 2% risk of failure)
Confirm with . or Enter, or press ? or * to list all spells.
Okay, then.
You see here an adder corpse.
You now have 301 gold pieces (gained 14).
You now have 308 gold pieces (gained 7).
Found a stone staircase leading down.
You now have 317 gold pieces (gained 9).
There are no items here.
A wyvern zombie comes into view.
A wyvern zombie is nearby!
You hit the wyvern zombie but do no damage.
The wyvern zombie bites you.
The wyvern zombie bites you but does no damage.
You hit the wyvern zombie but do no damage.
The wyvern zombie barely misses you. The wyvern zombie misses you.
You barely miss the wyvern zombie. The wyvern zombie barely misses you.
The wyvern zombie misses you.
You hit the wyvern zombie.
The wyvern zombie is lightly damaged.
The wyvern zombie misses you.
You hit the wyvern zombie.
The wyvern zombie is lightly damaged.
The wyvern zombie bites you. The wyvern zombie closely misses you.
You hit the wyvern zombie but do no damage.
The wyvern zombie is lightly damaged.
The wyvern zombie barely misses you. x2
You hit the wyvern zombie.
The wyvern zombie is lightly damaged.
The wyvern zombie bites you!
Ouch! That really hurt!
Aiming: Sandblast (safe; 2% risk of failure)
Press: ? - help, Q - select action, (/) - cycle Shift-Dir - straight line, f - wyvern zombie
Aim: a wyvern zombie (lightly damaged, 93% to hit)
The blast of sand hits the wyvern zombie but does no damage.
The wyvern zombie is lightly damaged.
The wyvern zombie bites you!
You die...

.#...# #...# .#...#
#...# ..# .#...# #...#
#.# .#...# #...# #.#
##...# #...# .....
##...###...##.##.#
##....#....#..##.#
###.......##....Z#####
####.....###.###@....#
...##...####.........#
....#####..#.#.......#
......)##......#.....#
#.#######.##.........#
#.# #.##......#### #.#
#.######### #.#
##.###### #.#
#.......#


You could see a wyvern zombie.

Vanquished Creatures
  A water moccasin (D:5)
  A necrophage (D:2)
  A howler monkey (D:3)
  A hound (D:4)
  2 iguanas (D:4)
  Natasha (D:2)
  6 adders
  A shadow imp (D:5)
  An ufetubus (D:5)
  An adder skeleton (D:4)
  2 worms
  A dart slug (D:2)
  7 orcs
  9 ball pythons
  7 bats
  5 endoplasms
  3 giant cockroaches
  8 goblins
  8 hobgoblins
  A jackal (D:2)
  6 kobolds
  5 quokkas
  8 frilled lizards
  6 rats
92 creatures vanquished.

Vanquished Creatures (others)
  5 toadstools (D:1)
5 creatures vanquished.

Grand Total: 97 creatures vanquished

Notes
Turn   | Place    | Note
-------+----------+-------------------------------------------
     0 | D:1      | shadowrider38 the Spriggan Earth Elementalist began the
                  | quest for the Orb.
     0 | D:1      | Reached XP level 1. HP: 9/9 MP: 5/5
   193 | D:1      | Reached skill level 2 in Transmutations
   215 | D:1      | Reached XP level 2. HP: 11/13 MP: 2/6
  1360 | D:2      | Reached skill level 3 in Transmutations
  1360 | D:2      | Reached XP level 3. HP: 16/16 MP: 4/8
  1415 | D:2      | Noticed a necrophage
  1420 | D:2      | Killed a necrophage
  1421 | D:2      | Reached skill level 4 in Transmutations
  1421 | D:2      | Reached XP level 4. HP: 17/21 MP: 4/9
  2034 | D:2      | Reached XP level 5. HP: 17/24 MP: 10/10
  2056 | D:2      | Learned a level 5 spell: Blade Hands
  2060 | D:2      | Learned a level 3 spell: Stone Arrow
  2522 | D:2      | Noticed Natasha
  2907 | D:2      | Killed Natasha
  3148 | D:3      | Reached skill level 5 in Transmutations
  4726 | D:3      | Found a glowing silver altar of Zin.
  4892 | D:4      | Found a burning altar of Makhleb.
  4962 | D:4      | Reached XP level 6. HP: 28/28 MP: 11/11
  4996 | D:4      | Reached skill level 6 in Transmutations
  5377 | D:4      | Found a shimmering blue altar of Sif Muna.
  5925 | D:4      | Noticed Duvessa
  5978 | D:4      | Became a worshipper of Sif Muna the Loreminder
  5993 | D:5      | Entered Level 5 of the Dungeon
  6205 | D:5      | Noticed a water moccasin
  6211 | D:5      | Killed a water moccasin
  6212 | D:5      | Reached skill level 7 in Transmutations
  6865 | D:5      | Slain by a wyvern zombie

Illustrated notes

Levels and vault maps discovered:
D:1:      roderic_chinese_lattice_arrival, layout_basic,
          minmay_gold_behind_fungi
D:2:      layout_basic, minmay_fractal_squares_gapless_5, uniq_natasha
D:3:      kennysheep_six_static_rooms, layout_basic, zin_treasury,
          hangedman_decor_push
D:4:      layout_basic, bloody_makhleb, mainiacjoe_overflow_tiny_flanked,
          uniq_duvessa
D:5:      layout_loops_cross, nrook_uturn

Skill      XL: |  1  2  3  4  5  6 |
---------------+-------------------+-----
Transmutations | 2 3 4 5 7 |  7.9
Earth Magic    | 3 4 |  4.7
Dodging        | |  2.6
Stealth        | |  3.0
Spellcasting   | |  2.6

Action                   |  1- 3 |  4- 6 || total
-------------------------+-------+-------++-------
Melee: Mace              |    38 |   238 ||   276
       Quarterstaff      |       |    18 ||    18
       Unarmed           |       |     8 ||     8
 Cast: Sandblast         |    18 |    60 ||    78
  Use: Scroll            |       |     4 ||     4
 Stab: Sleeping          |     2 |     6 ||     8
Armor: Robe              |     7 |    36 ||    43
Dodge: Dodged            |    42 |   313 ||   355
